MLB
NEW YORK METS @ COLORADO ROCKIES
08/03/2020
 
TOP OF THE 1ST
New York Mets batting - Pitching for Colorado Rockies : RHP Jon Duplantier
Pitching: RHP Jon Duplantier
Batting: SHB Ian Happ 0-0: Ball
1-0: Swinging Strike
1-1: Ball
2-1: Ball
3-1: Base on Balls
Batting: SHB Ehire Adrianza 0-0: Called Strike
0-1: Called Strike
0-2: Strikes out swinging
Batting: RHB Rhys Hoskins 0-0: Ball
1-0: Ball
2-0: Ball
3-0: Swinging Strike
3-1: Base on Balls
Ian Happ to second
Batting: LHB Eddie Rosario 0-0: Ball
1-0: Ball
2-0: Ball
3-0: Base on Balls
Ian Happ to third
Rhys Hoskins to second
Batting: RHB Salvador Perez 0-0: Called Strike
0-1: Foul Ball, location: 2F
0-2: Ball
1-2: Strikes out swinging
Batting: LHB Mike Moustakas 0-0: Ball
1-0: Ground out 4-3 (Groundball, 4, EV 83.1 MPH)
Top of the 1st over - 0 runs, 0 hits, 0 errors, 3 left on base; New York 0 - Colorado 0
BOTTOM OF THE 1ST
Colorado Rockies batting - Pitching for New York Mets : LHP Eduardo Rodriguez
Pitching: LHP Eduardo Rodriguez
Batting: SHB Victor Reyes 0-0: Foul Ball, location: 2F
0-1: Ball
1-1: Foul Ball, location: 2F
1-2: Strikes out swinging
Batting: RHB JaCoby Jones 0-0: Called Strike
0-1: Ball
1-1: Foul Ball, location: 2F
1-2: Ball
2-2: Strikes out swinging
Batting: RHB Michael Brosseau 0-0: Ball
1-0: Foul Ball, location: 2F
1-1: Hit by Pitch
Pinch Runner at 1st Miguel Cabrera:
Batting: LHB Josh VanMeter 0-0: Called Strike
0-1: Ball
1-1: Ball
2-1: Ball
3-1: Called Strike
3-2: Fly out, F8 (Flyball, 78XD, EV 97.5 MPH)
Bottom of the 1st over - 0 runs, 0 hits, 0 errors, 1 left on base; New York 0 - Colorado 0
TOP OF THE 2ND
New York Mets batting - Pitching for Colorado Rockies : RHP Jon Duplantier
Now at 1B: Miguel Cabrera
Batting: RHB Nick Ahmed 0-0: Fly out, F1 (Line Drive, P, EV 65.6 MPH)
Batting: SHB Jonathan Villar 0-0: Ball
1-0: Called Strike
1-1: Fly out, F8 (Flyball, 89D, EV 95.6 MPH)
Batting: LHB Eduardo Rodriguez 0-0: Ball
1-0: Called Strike
1-1: Called Strike
1-2: Foul Ball, location: 2F
1-2: Ground out 6-3 (Groundball, 6, EV 102.5 MPH)
Top of the 2nd over - 0 runs, 0 hits, 0 errors, 0 left on base; New York 0 - Colorado 0
BOTTOM OF THE 2ND
Colorado Rockies batting - Pitching for New York Mets : LHP Eduardo Rodriguez
Batting: RHB Orlando Arcia 0-0: Called Strike
0-1: Ground out 6-3 (Groundball, 56, EV 109.4 MPH)
Batting: RHB Andrew Knizner 0-0: Fly out, F4 (Popup, 34S, EV 84.4 MPH)
Batting: LHB CJ Alexander 0-0: Swinging Strike
0-1: Called Strike
0-2: SINGLE (Line Drive, 89S, EV 95.0 MPH)
Batting: RHB Jorge Mateo 0-0: Ball
1-0: Foul Ball, location: 2F
1-1: SINGLE (Groundball, 4MD, EV 102.5 MPH)
CJ Alexander to second
Batting: LHB Jon Duplantier 0-0: Ball
1-0: Fly out, F8 (Flyball, 8LD, EV 93.8 MPH)
Bottom of the 2nd over - 0 runs, 2 hits, 0 errors, 2 left on base; New York 0 - Colorado 0
TOP OF THE 3RD
New York Mets batting - Pitching for Colorado Rockies : RHP Jon Duplantier
Batting: SHB Ian Happ 0-0: Called Strike
0-1: Ball
1-1: SINGLE (Line Drive, 8RS, EV 108.1 MPH)
Batting: SHB Ehire Adrianza 0-0: Ball
1-0: Fielders Choice at 2nd, 6-4 (Groundball, 56, EV 105.6 MPH)
Batting: RHB Rhys Hoskins 0-0: Ball
1-0: Called Strike
1-1: Ball
2-1: Swinging Strike
2-2: Ball
3-2: Strikes out looking
Batting: LHB Eddie Rosario 0-0: Called Strike
0-1: Ball
1-1: Called Strike
1-2: 2-RUN HOME RUN (Line Drive, 89XD, EV 94.4 MPH), Distance : 411 ft
Batting: RHB Salvador Perez 0-0: Foul Ball, location: 2F
0-1: Ball
1-1: Called Strike
1-2: Strikes out swinging
Top of the 3rd over - 2 runs, 2 hits, 0 errors, 0 left on base; New York 2 - Colorado 0
BOTTOM OF THE 3RD
Colorado Rockies batting - Pitching for New York Mets : LHP Eduardo Rodriguez
Batting: SHB Victor Reyes 0-0: Ball
1-0: Foul Ball, location: 2F
1-1: Swinging Strike
1-2: Ball
2-2: Ball
3-2: Foul Ball, location: 2F
3-2: DOUBLE (Flyball, 8RD, EV 100.6 MPH)
Batting: RHB JaCoby Jones 0-0: Ball
1-0: 2-RUN HOME RUN (Flyball, 78XD, EV 96.9 MPH), Distance : 405 ft
Batting: RHB Miguel Cabrera 0-0: Ball
1-0: Ball
2-0: Ground out 5-3 (Groundball, 5S, EV 90.0 MPH)
Batting: LHB Josh VanMeter 0-0: Called Strike
0-1: Foul Ball, location: 2F
0-2: Strikes out swinging
Batting: RHB Orlando Arcia 0-0: Ball
1-0: Called Strike
1-1: Ground out 6-3 (Groundball, 6, EV 101.9 MPH)
Bottom of the 3rd over - 2 runs, 2 hits, 0 errors, 0 left on base; New York 2 - Colorado 2
TOP OF THE 4TH
New York Mets batting - Pitching for Colorado Rockies : RHP Jon Duplantier
Batting: LHB Mike Moustakas 0-0: Called Strike
0-1: Ball
1-1: Ball
2-1: Swinging Strike
2-2: Strikes out swinging
Batting: RHB Nick Ahmed 0-0: Ball
1-0: Called Strike
1-1: Ball
2-1: Bunt for hit to 25 - play at first, batter safe!
Batting: SHB Jonathan Villar 0-0: Swinging Strike
0-1: Ball
1-1: Called Strike
1-2: Grounds into double play, 4-6-3 (Groundball, 4, EV 107.5 MPH)
Top of the 4th over - 0 runs, 1 hit, 0 errors, 0 left on base; New York 2 - Colorado 2
BOTTOM OF THE 4TH
Colorado Rockies batting - Pitching for New York Mets : LHP Eduardo Rodriguez
Batting: RHB Andrew Knizner 0-0: Ball
1-0: Called Strike
1-1: Swinging Strike
1-2: Strikes out swinging
Batting: LHB CJ Alexander 0-0: Fly out, F8 (Flyball, 8LD, EV 81.9 MPH)
Batting: RHB Jorge Mateo 0-0: SINGLE (Groundball, 5D, EV 102.5 MPH)
Batting: LHB Jon Duplantier 0-0: Called Strike
0-1: Swinging Strike
0-2: Strikes out swinging
Bottom of the 4th over - 0 runs, 1 hit, 0 errors, 1 left on base; New York 2 - Colorado 2
TOP OF THE 5TH
New York Mets batting - Pitching for Colorado Rockies : RHP Jon Duplantier
Batting: LHB Eduardo Rodriguez 0-0: Ball
1-0: Ground out 4-3 (Groundball, 4, EV 90.0 MPH)
Batting: SHB Ian Happ 0-0: Called Strike
0-1: Ball
1-1: Foul Ball, location: 2F
1-2: Ball
2-2: Foul Ball, location: 2F
2-2: Ground out 4-3 (Groundball, 4, EV 78.8 MPH)
Batting: SHB Ehire Adrianza 0-0: SINGLE (Line Drive, 78M, EV 91.9 MPH)
Batting: RHB Rhys Hoskins 0-0: Ball
1-0: Ball
2-0: 2-RUN HOME RUN (Flyball, 7LD, EV 104.4 MPH), Distance : 376 ft
Batting: LHB Eddie Rosario 0-0: Ball
1-0: Foul Ball, location: 2F
1-1: Called Strike
1-2: Ball
2-2: Ground out 3-1 (Groundball, 34, EV 95.0 MPH)
Top of the 5th over - 2 runs, 2 hits, 0 errors, 0 left on base; New York 4 - Colorado 2
BOTTOM OF THE 5TH
Colorado Rockies batting - Pitching for New York Mets : LHP Eduardo Rodriguez
Batting: SHB Victor Reyes 0-0: Ball
1-0: Called Strike
1-1: Fly out, F8 (Flyball, 89XD, EV 100.6 MPH)
Batting: RHB JaCoby Jones 0-0: Fly out, F7 (Line Drive, 7, EV 107.5 MPH)
Batting: RHB Miguel Cabrera 0-0: Ball
1-0: Called Strike
1-1: Ball
2-1: Ball
3-1: Foul Ball, location: 2F
3-2: Strikes out swinging
Bottom of the 5th over - 0 runs, 0 hits, 0 errors, 0 left on base; New York 4 - Colorado 2
TOP OF THE 6TH
New York Mets batting - Pitching for Colorado Rockies : RHP Jon Duplantier
Batting: RHB Salvador Perez 0-0: Ground out 6-3 (Groundball, 6, EV 92.5 MPH)
Batting: LHB Mike Moustakas 0-0: Called Strike
0-1: Foul Ball, location: 2F
0-2: Strikes out looking
Batting: RHB Nick Ahmed 0-0: Ball
1-0: Called Strike
1-1: Ball
2-1: Ball
3-1: Base on Balls
Batting: SHB Jonathan Villar 0-0: Ball
1-0: SINGLE (Line Drive, 3, EV 71.9 MPH) (infield hit)
Nick Ahmed to second
Batting: LHB Eduardo Rodriguez 0-0: Ball
1-0: Called Strike
1-1: Swinging Strike
1-2: Ball
2-2: Strikes out swinging
Top of the 6th over - 0 runs, 1 hit, 0 errors, 2 left on base; New York 4 - Colorado 2
BOTTOM OF THE 6TH
Colorado Rockies batting - Pitching for New York Mets : LHP Eduardo Rodriguez
Batting: LHB Josh VanMeter 0-0: Swinging Strike
0-1: Swinging Strike
0-2: Strikes out swinging
Batting: RHB Orlando Arcia 0-0: Ball
1-0: Foul Ball, location: 2F
1-1: Fly out, F8 (Flyball, 89XD, EV 107.5 MPH)
Batting: RHB Andrew Knizner 0-0: Called Strike
0-1: Swinging Strike
0-2: Ball
1-2: Ball
2-2: Foul Ball, location: 2F
2-2: Ground out 5-3 (Groundball, 56, EV 85.6 MPH)
Bottom of the 6th over - 0 runs, 0 hits, 0 errors, 0 left on base; New York 4 - Colorado 2
TOP OF THE 7TH
New York Mets batting - Pitching for Colorado Rockies : RHP Jon Duplantier
Batting: SHB Ian Happ 0-0: Called Strike
0-1: Ball
1-1: Foul Ball, location: 2F
1-2: Ball
2-2: SINGLE (Flyball, 8RS, EV 95.6 MPH)
Batting: SHB Ehire Adrianza 0-0: Swinging Strike
0-1: Called Strike
0-2: Ball
Ian Happ steals 2nd base
1-2: Ball
2-2: Foul Ball, location: 2F
2-2: Ball
3-2: Strikes out swinging
Batting: RHB Rhys Hoskins 0-0: Ball
1-0: Ball
2-0: Ball
3-0: Base on Balls
Pitching: RHP Franklin Perez
Batting: LHB Eddie Rosario 0-0: SINGLE (Groundball, 3D, EV 101.3 MPH)
Ian Happ to third
Rhys Hoskins to second
Batting: RHB Salvador Perez 0-0: Called Strike
0-1: GRAND SLAM HOME RUN (Flyball, 78XD, EV 92.5 MPH), Distance : 468 ft
Batting: LHB Mike Moustakas 0-0: Called Strike
0-1: Called Strike
0-2: Ground out 4-3 (Groundball, 4, EV 80.0 MPH)
Batting: RHB Nick Ahmed 0-0: Called Strike
0-1: Ball
1-1: Ball
2-1: DOUBLE (Line Drive, 9LS, EV 97.5 MPH)
Batting: SHB Jonathan Villar 0-0: Ball
1-0: Called Strike
1-1: Ball
2-1: 2-RUN HOME RUN (Flyball, 89XD, EV 106.9 MPH), Distance : 428 ft
Batting: LHB Eduardo Rodriguez 0-0: Called Strike
0-1: Fly out, F7 (Flyball, 7, EV 84.4 MPH)
Top of the 7th over - 6 runs, 5 hits, 0 errors, 0 left on base; New York 10 - Colorado 2
BOTTOM OF THE 7TH
Colorado Rockies batting - Pitching for New York Mets : LHP Eduardo Rodriguez
Batting: LHB CJ Alexander 0-0: Ground out U3 (Groundball, 3, EV 99.4 MPH)
Batting: RHB Jorge Mateo 0-0: Fly out, F8 (Line Drive, 8RM, EV 89.4 MPH)
Batting: RHB Franklin Perez 0-0: Ball
1-0: Swinging Strike
1-1: Ball
2-1: Foul Ball, location: 2F
2-2: Strikes out swinging
Bottom of the 7th over - 0 runs, 0 hits, 0 errors, 0 left on base; New York 10 - Colorado 2
TOP OF THE 8TH
New York Mets batting - Pitching for Colorado Rockies : RHP Franklin Perez
Batting: SHB Ian Happ 0-0: Fly out, F7 (Flyball, 7D, EV 95.0 MPH)
Batting: SHB Ehire Adrianza 0-0: Called Strike
0-1: Ball
1-1: Fly out, F8 (Flyball, 8LXD, EV 85.6 MPH)
Pitching: RHP Ryan Castellani
Batting: RHB Rhys Hoskins 0-0: Ball
1-0: Ball
2-0: Ball
3-0: Called Strike
3-1: Base on Balls
Batting: LHB Eddie Rosario 0-0: Called Strike
0-1: Called Strike
0-2: Ball
1-2: Ball
2-2: Ball
3-2: Ground out 4-3 (Groundball, 4, EV 106.3 MPH)
Top of the 8th over - 0 runs, 0 hits, 0 errors, 1 left on base; New York 10 - Colorado 2
BOTTOM OF THE 8TH
Colorado Rockies batting - Pitching for New York Mets : LHP Eduardo Rodriguez
Pitching: RHP Jake Woodford
Batting: SHB Victor Reyes 0-0: Foul Ball, location: 2F
0-1: Foul Ball, location: 2F
0-2: Ball
1-2: Foul Ball, location: 2F
1-2: Foul Ball, location: 2F
1-2: Strikes out swinging
Batting: RHB JaCoby Jones 0-0: Swinging Strike
0-1: Called Strike
0-2: Ball
1-2: Strikes out swinging
Batting: RHB Miguel Cabrera 0-0: Ball
1-0: Ball
2-0: Foul Ball, location: 2F
2-1: Ball
3-1: Ground out 4-3 (Groundball, 4, EV 103.1 MPH)
Bottom of the 8th over - 0 runs, 0 hits, 0 errors, 0 left on base; New York 10 - Colorado 2
TOP OF THE 9TH
New York Mets batting - Pitching for Colorado Rockies : RHP Ryan Castellani
Batting: RHB Salvador Perez 0-0: Ball
1-0: Ball
2-0: Ball
3-0: Called Strike
3-1: Foul Ball, location: 2F
3-2: Foul Ball, location: 2F
3-2: Foul Ball, location: 2F
3-2: Fly out, F8 (Flyball, 8LM, EV 81.9 MPH)
Pitching: RHP Clay Buchholz
Batting: LHB Mike Moustakas 0-0: Fly out, F8 (Flyball, 89D, EV 90.0 MPH)
Batting: RHB Nick Ahmed 0-0: Foul Ball, location: 2F
0-1: Called Strike
0-2: Ball
1-2: Ball
2-2: Foul Ball, location: 2F
2-2: Ball
3-2: Ground out 6-3 (Groundball, 6, EV 90.6 MPH)
Top of the 9th over - 0 runs, 0 hits, 0 errors, 0 left on base; New York 10 - Colorado 2
BOTTOM OF THE 9TH
Colorado Rockies batting - Pitching for New York Mets : RHP Jake Woodford
Batting: LHB Josh VanMeter 0-0: Called Strike
0-1: Foul Ball, location: 2F
0-2: SINGLE (Groundball, 56D, EV 94.4 MPH)
Batting: RHB Orlando Arcia 0-0: DOUBLE (Line Drive, 89D, EV 111.3 MPH)
Josh VanMeter to third
Batting: RHB Andrew Knizner 0-0: Ground out 6-3 (Groundball, 6, EV 86.9 MPH)
Josh VanMeter scores
Orlando Arcia to third
Batting: LHB CJ Alexander 0-0: Ball
1-0: Fly out, F7 (Flyball, 7, EV 80.6 MPH)
Batting: RHB Jorge Mateo 0-0: Ball
1-0: Swinging Strike
1-1: Ball
2-1: Swinging Strike
2-2: Ball
3-2: Ground out 5-3 (Groundball, 56S, EV 69.4 MPH)
Bottom of the 9th over - 1 run, 2 hits, 0 errors, 1 left on base; New York 10 - Colorado 3
Tuesday, October 6th, 2020 - OOTP Baseball 21.6 Build 83